 Dungeon Crawl Stone Soup version 0.17-a0-1-g1f4be75 (webtiles) character file.

3560 PolkaDot the Martial Artist (level 10, -1/72 HPs)
             Began as an Octopode Monk on Mar 5, 2015.
             Was an Elder of Okawaru.
             Killed by divine providence
             ... invoked by an orc priest
              (15 damage)
             ... on level 9 of the Dungeon.
             The game lasted 00:28:38 (10667 turns).

PolkaDot the Martial Artist (Octopode Monk)        Turns: 10667, Time: 00:28:38

Health: -1/72      AC:  1    Str: 12    XL:     10   Next: 9%
Magic:  10/10      EV: 18    Int: 14    God:    Okawaru [****..]
Gold:   326        SH:  0    Dex: 21    Spells: 1 memorised, 7 levels left

rFire  . . .     SeeInvis +       - Unarmed
rCold  . . .     Clarity  .     (no shield)
rNeg   . . .     SustAb   .     (helmet restricted)
rPois  .         Gourm    +     k - amulet of the gourmand (curse)
rElec  .         Spirit   .     m - +6 ring of dexterity
rCorr  .         Warding  .     (no ring)
rMut   .         Stasis   .     (no ring)
MR     .....                    (no ring)
Stlth  ++++......               (no ring)
                                (no ring)
                                (no ring)
                                (no ring)

@: not resistant to hostile enchantments, stealthy
A: almost no armour, amphibious, 8 rings, constrict 8, camouflage 1, see
invisible, gelatinous body 1
a: Heroism, Renounce Religion


You were on level 9 of the Dungeon.
You worshipped Okawaru.
Okawaru was greatly pleased with you.
You were full.

You visited 2 branches of the dungeon, and saw 10 of its levels.
You also visited: Ossuary.

You collected 446 gold pieces.
You spent 120 gold pieces at shops.

Inventory:

Missiles
 j - 2 throwing nets (quivered)
Jewellery
 k - a cursed amulet of the gourmand (around mantle)
 m - a +6 ring of dexterity (left tentacle)
Scrolls
 a - a scroll of vulnerability
 g - 4 scrolls of teleportation
 n - 2 scrolls of remove curse
 o - a scroll of enchant armour {unknown}
 q - a scroll of enchant weapon {unknown}
 r - a scroll of summoning
Potions
 e - a potion of curing
 f - a potion of resistance
 p - a potion of restore abilities
Books
 c - a book of Hinderance

   Spells                             Type                      Level
   a - Confusing Touch                Hexes                        2
   b - Confuse                        Hexes                        3
   c - Petrify                        Transmutation/Earth          4
   d - Metabolic Englaciation         Hexes/Ice                    5
   e - Gell's Gravitas                Hexes/Translocation          5
   f - Summon Mana Viper              Hexes/Summoning              5
Comestibles
 b - 2 bread rations
 d - a royal jelly
 i - 3 beef jerkies
 l - 5 meat rations


   Skills:
 + Level 7.7 Fighting
 - Level 6.4 Dodging
 - Level 2.6 Stealth
 * Level 10.8 Unarmed Combat
 + Level 3.5 Hexes


You had 7 spell levels left.
You knew the following spells:

 Your Spells              Type           Power        Failure   Level  Hunger
t - Confusing Touch       Hex            #.....       12%         2    ###....


Dungeon Overview and Level Annotations

Branches:
Dungeon (9/15)             Temple (1/1) D:6
   Lair: D:8-11         Orc: D:9-12

Altars:
Ashenzari
Cheibriados
Dithmenos
Elyvilon
Fedhas
Gozag
Kikubaaqudgha
Makhleb
Nemelex Xobeh
Okawaru
Qazlal
Ru
Sif Muna
Trog
Vehumet
Xom
Yredelemnul
Zin
The Shining One

Shops:
D:4 =!!   D:6 *   D:7 *(*%


Innate Abilities, Weirdness & Mutations

You cannot wear most types of armour.
You are amphibious.
You can wear up to eight rings at the same time.
You can use your tentacles to constrict many enemies at once.
Your skin changes colour to match your surroundings (Stealth).
Your rubbery body absorbs attacks (AC +1).
You have supernaturally acute eyesight.


Message History

* * * LOW HITPOINT WARNING * * *
The troll claws you.
* * * LOW HITPOINT WARNING * * *
The troll claws you!
* * * LOW HITPOINT WARNING * * *
The orc wizard glows brightly for a moment.
You tentacle-slap the troll.
The troll is almost dead.
The orc wizard gestures wildly while chanting.
The orc wizard blinks!
You bludgeon the troll!
You kill the troll!
Okawaru accepts your kill. The orc completely misses you.
The orc priest mumbles some strange prayers to Beogh against you.
Something smites you!
* * * LOW HITPOINT WARNING * * *
The orc priest mumbles some strange prayers to Beogh against you.
Something smites you!
You die...

#....# #.....#
#####.... #.....#
++#.#.#... #.....#
...%....o #...#.#
.......†###+##.....#
....P.....o........#
...%%..###.........#
##..%......o.o.[...#
#.........o..o.@.<#
#.................#
#.................#
#..........###....#
##..........###....#
...................#
####################


You could see an orc priest, 2 orc wizards and 2 orcs.

Vanquished Creatures
  Pikel (D:8)
  A troll (D:9)
  2 sky beasts
  3 slaves (D:8)
  4 centaurs
  A wasp (D:8)
  2 black bears (D:7)
  An ogre (D:5)
  A phantom (D:7)
  An elf zombie (Ossuary)
  3 giant frogs
  A wyvern skeleton (D:6)
  7 scorpions (D:5)
  A goliath beetle (D:6)
  3 jellies
  3 crimson imps
  4 hounds
  A human zombie (Ossuary)
  2 centaur zombies (Ossuary)
  2 giant frog skeletons
  3 orc priests
  Natasha (D:5)
  2 iguanas (D:8)
  2 worker ants
  3 orc wizards
  A killer bee zombie (D:7)
  3 big kobold zombies (Ossuary)
  2 hound zombies (Ossuary)
  3 mummies (Ossuary)
  Robin (D:4)
  11 adders
  A worker ant zombie (D:7)
  A shadow imp (D:5)
  4 giant mites
  2 worms
  8 adder zombies
  9 giant geckos
  An ooze (D:3)
  29 orcs
  A bat skeleton (D:4)
  A bat zombie (D:6)
  3 giant cockroaches
  20 goblins
  19 hobgoblins
  13 jackals
  13 kobolds
  2 quokkas
  A ball python (D:1)
  18 bats
  A giant cockroach zombie (D:5)
  4 giant newts
  A gnoll zombie (Ossuary)
  A goblin zombie (Ossuary)
  5 hobgoblin zombies (Ossuary)
  3 jackal zombies (Ossuary)
  2 kobold zombies (Ossuary)
  2 orc zombies (Ossuary)
  3 quokka zombies (Ossuary)
  6 rats
  4 rat zombies (Ossuary)
  2 fungi (D:5)
256 creatures vanquished.

Vanquished Creatures (others)
  A fungus (D:5)
1 creature vanquished.

Grand Total: 257 creatures vanquished

Notes
Turn   | Place    | Note
--------------------------------------------------------------
     0 | D:1      | PolkaDot, the Octopode Monk, began the quest for the Orb.
     0 | D:1      | Reached XP level 1. HP: 16/16 MP: 1/1
   509 | D:1      | Reached XP level 2. HP: 18/21 MP: 2/2
   857 | D:1      | Reached XP level 3. HP: 26/26 MP: 3/3
  1796 | D:2      | Reached XP level 4. HP: 31/31 MP: 4/4
  2226 | D:3      | Reached skill level 5 in Unarmed Combat
  2336 | D:3      | Found a shadowy altar of Dithmenos.
  2411 | D:3      | Reached XP level 5. HP: 21/37 MP: 5/5
  3340 | D:4      | Found Plog's Distillery.
  3344 | D:4      | Noticed Robin
  3382 | D:4      | Killed Robin
  3416 | D:4      | Reached XP level 6. HP: 43/43 MP: 6/6
  3570 | D:4      | Found Iliuxiut's Jewellery Shop.
  3815 | D:4      | Found Puavepp's Distillery.
  3849 | D:4      | Reached skill level 6 in Unarmed Combat
  4001 | D:5      | Entered Level 5 of the Dungeon
  4184 | D:5      | Reached XP level 7. HP: 7/49 MP: 7/7
  4288 | D:5      | Found a sand-covered staircase.
  4336 | Ossuary  | Entered an ossuary
  4915 | Ossuary  | Reached skill level 7 in Unarmed Combat
  4942 | Ossuary  | Reached skill level 5 in Dodging
  5456 | D:5      | Reached skill level 5 in Fighting
  5530 | D:5      | Reached XP level 8. HP: 38/55 MP: 8/8
  5898 | D:5      | Reached skill level 8 in Unarmed Combat
  6344 | D:5      | Noticed Natasha
  6351 | D:5      | Killed Natasha
  7043 | D:6      | Reached skill level 9 in Unarmed Combat
  7276 | D:6      | Found a staircase to the Ecumenical Temple.
  7284 | D:6      | Reached XP level 9. HP: 20/62 MP: 9/9
  7294 | Temple   | Entered the Ecumenical Temple
  7298 | Temple   | HP: 1/62 [orc/falchion (4)]
  7629 | Temple   | Became a worshipper of Warmaster Okawaru
  7629 | Temple   | Acquired Okawaru's first power
  7838 | D:6      | Found Hotifua Thir's Assorted Antiques.
  7867 | D:6      | Bought a knobbly onyx ring for 120 gold pieces
  8602 | D:6      | Learned a level 2 spell: Confusing Touch
  8680 | D:7      | Found Klaexkia's Antique Weapon Shoppe.
  8698 | D:7      | Found Thruggit's General Store.
  8727 | D:7      | Reached skill level 1 in Hexes
  8835 | D:7      | Found Otoux's General Store.
  9111 | D:7      | Found Coss' Food Boutique.
  9578 | D:7      | Reached skill level 10 in Unarmed Combat
  9756 | D:8      | Gained mutation: You have supernaturally acute eyesight. [mutagenic meat]
  9966 | D:8      | Noticed Pikel
 10493 | D:8      | Killed Pikel
 10493 | D:8      | Reached XP level 10. HP: 38/71 MP: 10/10
 10667 | D:9      | Killed from afar by an orc priest

Action                   |  1- 3 |  4- 6 |  7- 9 | 10-12 || total
-------------------------+-------+-------+-------+-------++-------
Melee: Unarmed           |    66 |   150 |   388 |     7 ||   611
  Use: Potion            |       |     7 |     7 |       ||    14
       Scroll            |       |     6 |     5 |       ||    11
 Stab: Sleeping          |     4 |     5 |    23 |       ||    32
       Distracted        |       |     1 |     2 |       ||     3
  Eat: Chunk             |     3 |     7 |    25 |       ||    35
       Bread ration      |       |       |     1 |       ||     1
